 Dungeon Crawl Stone Soup version 0.26-a0-497-g0187308201 (webtiles) character file.

Game seed: 14588668717835537671

17 MrRokkomies the Stinger (level 2, -5/17 HPs)
             Began as an Octopode Venom Mage on Aug 6, 2020.
             Killed from afar by a dart slug (6 damage)
             ... with a slug dart
             ... on level 1 of the Dungeon.
             The game lasted 00:01:00 (623 turns).

MrRokkomies the Stinger (Octopode Venom Mage)        Turns: 623, Time: 00:01:01

Health: -5/17      AC:  1    Str:  7    XL:     2   Next: 62%
Magic:  5/5        EV: 13    Int: 17    God:
Gold:   13         SH:  0    Dex: 12    Spells: 4/5 levels left

rFire    . . .     SeeInvis .   c - +0 spear
rCold    . . .     Faith    .   (no shield)
rNeg     . . .     Spirit   .   (helmet restricted)
rPois    .         Reflect  .   (no amulet)
rElec    .         Harm     .   (no ring)
rCorr    .                      (no ring)
MR       .....                  (no ring)
Stlth    +++.......             (no ring)
HPRegen  0.05/turn              (no ring)
MPRegen  0.09/turn              (no ring)
                                (no ring)
                                (no ring)

@: no status effects
A: almost no armour, stealthy swim, amphibious, 8 rings, constrict 8, camouflage
1, gelatinous body 1
a: no special abilities


You were on level 1 of the Dungeon.
You visited 1 branch of the dungeon, and saw 1 of its levels.

You collected 13 gold pieces.

Inventory:

Hand Weapons
 c - a +0 spear (weapon)
Missiles
 d - 7 poisoned darts (quivered)
Scrolls
 a - a scroll of enchant armour {unknown}
 b - a scroll of amnesia {unknown}
 e - a scroll of identify {unknown}
Potions
 f - a potion of magic {unknown}


   Skills:
 * Level 2.4 Dodging
 + Level 3.0 Stealth
 - Level 2.0 Spellcasting
 + Level 1.3 Transmutations
 * Level 4.0 Poison Magic


You had 4 spell levels left.
You knew the following spells:

 Your Spells              Type           Power        Failure   Level
a - Sting                 Tmut/Pois      ##..         6%          1

Your spell library contained the following spells:

 Spells                   Type           Power        Failure   Level
 Poisonous Vapours        Pois/Air       #.....       13%         2
 Ignite Poison            Fire/Tmut/Pois #.......     28%         3
 Mephitic Cloud           Conj/Pois/Air  #.......     32%         3
 Olgreb's Toxic Radiance  Pois           ###.....     36%         4


Dungeon Overview and Level Annotations

Branches:
Dungeon (1/15)

Altars:


Innate Abilities, Weirdness & Mutations

You cannot wear most types of armour.
You are very stealthy in the water. (Stealth+)
You are amphibious.
You can wear up to eight rings at the same time.
You can use your tentacles to constrict eight enemies at once.
Your skin changes colour to match your surroundings (Stealth+).
Your rubbery body absorbs attacks. (AC +1, EV +1)


Message History

You hit the bat.
The bat is severely wounded.
The bat closely misses you.
You reach to attack!
You miss the bat.
The bat is severely wounded.
The bat hits you but does no damage. The bat barely misses you.
A dart slug comes into view.
The bat hits you. The rat closely misses you. The bat barely misses you.
The dart slug launches a dart at you. The slug dart hits you.
A hobgoblin comes into view.
The dart slug launches a dart at you. The slug dart hits you!
* * * LOW HITPOINT WARNING * * *
The hobgoblin shouts!
The dart slug launches a dart at you. The slug dart hits you.
You die...

#....#####.##
.#.###....##.##.#.
...........#....#. #...
#.†......†... #.g#
###..##...##. #..#
#..##...##. #..##
.....#...##.
#w..####.......#.. #@#
#.......... ### #b##
........... #... #r.#
##....#.....
#....####r##...........#.
#.$(.#.........# ......#
#........(.b.### ......
#....#........# # #....
#...........#......##....
#....#...................


You could see a dart slug, a hobgoblin, 2 bats and 2 rats.

Vanquished Creatures
  An ooze (D:1)
  A leopard gecko (D:1)
  A bat (D:1)
  A goblin (D:1)
  A hobgoblin (D:1)
  3 kobolds (D:1)
  A ball python (D:1)
  3 rats (D:1)
12 creatures vanquished.

Notes
Turn   | Place    | Note
-------+----------+-------------------------------------------
     0 | D:1      | MrRokkomies the Octopode Venom Mage began the quest for the
                  | Orb.
     0 | D:1      | Reached XP level 1. HP: 11/11 MP: 3/3
   176 | D:1      | Reached XP level 2. HP: 12/17 MP: 1/5
   599 | D:1      | Reached skill level 4 in Poison Magic
   623 | D:1      | Killed from afar by a dart slug

Illustrated notes

Levels and vault maps discovered:
D:1:      scummos_arrival_simple_crosswalls, layout_rooms

Skill      XL: |  1  2 |
---------------+-------+-----
Stealth        | 3 |  3.0
Poison Magic   | 4 |  4.0
Dodging        | |  2.4
Spellcasting   | |  2.0
Transmutations | |  1.3

Action                   || total
-------------------------++-------
Melee: Unarmed           ||     4
       Tentacles         ||     5
       Spear             ||    24
       Constrict         ||     8
 Cast: Sting             ||     8
 Stab: Sleeping          ||     4
Armor: Skin              ||     3
Dodge: Dodged            ||    13

Table legend: (Time is in decaauts)
 A = Elapsed time spent in this place.
 B = Non-inter-level travel time spent in this place.
 C = Inter-level travel time spent in this place.
 D = Time resting spent in this place.
 E = Time spent auto-exploring this place.
 F = Levels seen in this place.
 G = Mean time per level.
                   A        B        C        D        E       F      G
               +--------+--------+--------+--------+--------+-----+--------+
         Total |    624 |    624 |      0 |    268 |    253 |   1 |  624.0 |
       Dungeon |    624 |    624 |      0 |    268 |    253 |   1 |  624.0 |
               +--------+--------+--------+--------+--------+-----+--------+

Top non-repeatable levels by time:
     D:1: 624 daAuts
